 Dungeon Crawl Stone Soup version 0.27-a0-1188-g73eefd5def (webtiles) character file.

Game seed: 7425684731024790001

5186 st0uf the Carver (level 10, -2/76 HPs)
             Began as a Demonspawn Fighter on May 20, 2021.
             Was a Believer of Wu Jian.
             Shot with an arrow by a centaur (3 damage)
             ... on level 9 of the Dungeon.
             The game lasted 00:21:43 (10249 turns).

st0uf the Carver (Demonspawn Fighter)              Turns: 10249, Time: 00:21:44

Health: -2/76      AC:  9    Str: 19    XL:     10   Next: 34%
Magic:  10/10      EV:  9    Int:  9    God:    Wu Jian [**....]
Gold:   437        SH: 10    Dex: 14    Spells: 9/9 levels left

rFire    . . .     SeeInvis .   E - +5 falchion
rCold    . . .     Faith    .   c - +0 kite shield
rNeg     . . .     Spirit   .   b - +0 scale mail
rPois    .         Reflect  .   (helmet restricted)
rElec    .         Harm     .   n - +0 cloak
rCorr    .         Rampage  .   (no gloves)
Will     .....                  (no boots)
Stlth    +.........             (no amulet)
HPRegen  0.22/turn              q - ring of flight
MPRegen  0.12/turn              (no ring)

@: flying
A: horns 2, demonic guardian 2, ignite blood 2
a: Renounce Religion, Wall Jump


You were on level 9 of the Dungeon.
You worshipped Wu Jian.
Wu Jian was pleased with you.
You visited 1 branch of the dungeon, and saw 9 of its levels.

You collected 437 gold pieces.

Inventory:

Hand Weapons
 a - a +0 long sword
 E - a +5 falchion (weapon)
Missiles
 p - 4 atropa-tipped darts (quivered)
 u - a throwing net
Armour
 b - a +0 scale mail (worn)
 c - a +0 kite shield (worn)
 n - a +0 cloak (worn)
Jewellery
 q - a ring of flight (left hand)
 t - an amulet of regeneration
 D - a ring of fire
Wands
 l - a wand of acid (9)
 A - a wand of charming (8)
 B - a wand of mindburst (10)
Scrolls
 f - 3 scrolls of teleportation {unknown}
 h - 2 scrolls of immolation {unknown}
 m - 5 scrolls of identify {unknown}
 o - a scroll of fog {unknown}
 r - 3 scrolls of enchant weapon
 x - a scroll of fear {unknown}
 y - 4 scrolls of enchant armour {unknown}
Potions
 d - 3 potions of might
 e - 5 potions of brilliance {unknown}
 g - 3 potions of lignification {unknown}
 i - 2 potions of cancellation {unknown}
 j - 2 potions of attraction {unknown}
 k - 3 potions of ambrosia {unknown}
 s - a potion of heal wounds {unknown}
 v - a potion of magic {unknown}
 w - 2 potions of curing {unknown}
 z - a potion of flight {unknown}
 C - 2 potions of resistance {unknown}


   Skills:
 + Level 6.2 Fighting
 + Level 8.9 Long Blades
 + Level 7.4 Armour
 + Level 3.5 Dodging
 + Level 2.1 Stealth
 + Level 6.3 Shields


You had 9 spell levels left.
You didn't know any spells.
Your spell library contained the following spells:

 Spells                   Type           Power      Damage    Failure   Level
 Beastly Appendage        Tmut           0%         N/A       97%         1
 Freeze                   Ice            0%         1d3       97%         1
 Wereblood                Tmut           0%         N/A       99%         2
 Frozen Ramparts          Ice            0%         1d2       100%        3
 Ozocubu's Armour         Ice            0%         N/A       100%        3
 Spider Form              Tmut/Pois      0%         N/A       100%        3
 Hailstorm                Conj/Ice       0%         3d3       100%        4
 Ice Form                 Ice/Tmut       0%         N/A       100%        4
 Hydra Form               Tmut           0%         N/A       100%        5
 Metabolic Englaciation   Hex/Ice        0%         N/A       100%        5


Dungeon Overview and Level Annotations

Branches:
Dungeon (9/15)             Temple (0/1) D:6             Orc (0/2) D:9
   Lair: D:8-11

Altars:
Ashenzari
Cheibriados
Dithmenos
Kikubaaqudgha
Ru
Trog
Uskayaw
Wu Jian
Xom
Yredelemnul

Shops:
D:5 :[


Innate Abilities, Weirdness & Mutations

You have a pair of horns on your head.
A demonic guardian rushes to your aid.
Your demonic aura often causes spilled blood to erupt in flames.


Message History

The centaur barely misses you.
You spin and attack the wyvern.
You completely miss the wyvern.
The wyvern is moderately wounded.
You spin and attack the centaur.
You hit the centaur. Your headbutt misses the centaur.
The centaur is almost dead.
The centaur unwields a +0 shortbow.
The centaur hits you. You block the centaur's attack. The wyvern bites you!
The orc warrior hits you from afar with a +0 trident!
* * * LOW HITPOINT WARNING * * *
A demonic guardian appears!
You block the centaur's attack.
The centaur kicks you but does no damage.
The orc warrior hits you from afar with a +0 glaive.
* * * LOW HITPOINT WARNING * * *
You block the centaur's attack. x2
Unknown command.
You spin and attack the wyvern.
You hit the wyvern. You headbutt the wyvern!
The wyvern is almost dead.
You spin and attack the centaur.
You hit the centaur.
You kill the centaur!
The Council accepts your kill. You block the wyvern's attack.
The orc warrior barely misses you.
The centaur wields a +0 shortbow.
The centaur shoots an arrow.
You block the arrow. You block the wyvern's attack.
A five-headed hydra comes into view.
You swap places.
The howler monkey hoots and howls with incredible vigour!
The wyvern barely misses your hellwing.
The centaur shoots an arrow.
The arrow hits you!
* * * LOW HITPOINT WARNING * * *
The howler monkey hits your hellwing.
Your hellwing hits the wyvern!
The wyvern dies!
The Council accepts your kill.
You hear a shout!
Unknown command.
As you read the scroll labelled TAMEUL QAVVUE, it crumbles to dust.
It is a scroll of enchant weapon.
Your +4 falchion glows red for a moment.
The centaur shoots an arrow.
The arrow hits you.
You die...

........... ...........
..........# ..........#
..........# ###
.<........# # ...
........)c######.### ...
.........Dh4........
............)l○☼@.......
......####...oc####.....
......# ##..o## ....
......# ##D## ..
......## #.# .......##
Z#.#+
........###O..###..
##..........8.......
#..#...###...###...


You could see a five-headed hydra, 2 orc warriors, a wyvern, an acid dragon, 2
centaurs, a howler monkey (catching breath) and a friendly hellwing (summoned).

Vanquished Creatures
  Pikel (D:7)
  A cyclops (D:7)
  A kobold demonologist (D:6)
  A wyvern (D:9)
  4 yaks (D:8)
  An acid dragon (D:8)
  2 water moccasins (D:7)
  An orc warrior (D:8)
  2 hornet zombies
  3 ogres
  A centaur (D:9)
  A kobold brigand (D:8)
  Blork the orc (D:5)
  2 gnoll sergeants (D:9)
  3 bullfrogs
  A wyvern zombie (D:7)
  6 wights (D:8)
  A vampire bat (D:8)
  3 howler monkeys
  A bullfrog zombie (D:7)
  3 hounds
  A centaur skeleton (D:7)
  A centaur zombie (D:9)
  A gnoll shaman (D:7)
  3 orc priests
  A bullfrog skeleton (D:3)
  2 iguanas
  7 orc wizards
  2 killer bee zombies
  3 adders
  16 gnolls
  2 white imps
  A worm (D:2)
  5 dart slugs
  25 orcs
  10 ball pythons
  5 bats
  3 bat skeletons (D:8)
  3 bat zombies (D:8)
  6 endoplasms
  2 giant cockroaches (D:2)
  12 goblins
  10 hobgoblins
  7 jackals
  3 quokkas
  4 frilled lizards
  7 kobolds
  6 rats
188 creatures vanquished.

Vanquished Creatures (collateral kills)
  A two-headed ogre (D:7)
  A wyvern (D:9)
  A lemure (D:7)
  A scorpion (D:4)
  4 wights (D:8)
  An orc priest (D:5)
  A jelly (D:6)
  A bullfrog skeleton (D:6)
  An iguana (D:6)
  A gnoll (D:4)
  An ufetubus (D:5)
  A worm (D:2)
  A dart slug (D:2)
  A kobold (D:2)
17 creatures vanquished.

Grand Total: 205 creatures vanquished

Notes
Turn   | Place    | Note
-------+----------+-------------------------------------------
     0 | D:1      | st0uf the Demonspawn Fighter began the quest for the Orb.
     0 | D:1      | Reached XP level 1. HP: 18/18 MP: 1/1
    45 | D:1      | Found a faded altar of an unknown god.
   108 | D:1      | Gained mutation: You have a pair of small horns on your
                  | head. [demonic ancestry]
   108 | D:1      | Reached XP level 2. HP: 23/24 MP: 2/2
   249 | D:1      | Reached skill level 2 in Long Blades
   423 | D:1      | Gained mutation: A weak demonic guardian rushes to your
                  | aid. [demonic ancestry]
   423 | D:1      | Reached XP level 3. HP: 27/29 MP: 3/3
  1381 | D:2      | Reached XP level 4. HP: 5/35 MP: 4/4
  2250 | D:3      | Reached skill level 3 in Long Blades
  2589 | D:3      | Gained mutation: Your demonic aura sometimes causes spilled
                  | blood to erupt in flames. [demonic ancestry]
  2589 | D:3      | Reached XP level 5. HP: 28/42 MP: 5/5
  2724 | D:3      | Found a sacrificial altar of Ru.
  2895 | D:3      | Found a shimmering altar of Xom.
  3119 | D:3      | Found a basalt altar of Yredelemnul.
  3420 | D:4      | Gained mutation: Your demonic aura often causes spilled
                  | blood to erupt in flames. [demonic ancestry]
  3420 | D:4      | Reached XP level 6. HP: 39/48 MP: 6/6
  3558 | D:4      | Reached skill level 4 in Long Blades
  3920 | D:4      | Reached skill level 1 in Stealth
  4059 | D:5      | Entered Level 5 of the Dungeon
  4122 | D:4      | Reached skill level 1 in Dodging
  4388 | D:5      | Found an ornate altar of the Wu Jian Council.
  4390 | D:5      | Found a shadowy altar of Dithmenos.
  4530 | D:5      | Became a worshipper of the Wu Jian Council
  4558 | D:5      | Noticed a hornet
  4630 | D:5      | Gained mutation: A demonic guardian rushes to your aid.
                  | [demonic ancestry]
  4630 | D:5      | Reached XP level 7. HP: 53/54 MP: 7/7
  4648 | D:5      | Found Riulohor's Book Boutique.
  4650 | D:5      | Found Akugou's Armour Emporium.
  5397 | D:5      | Found a broken altar of Ashenzari.
  5397 | D:5      | Noticed Blork the orc
  5417 | D:5      | Killed Blork the orc
  5954 | D:6      | Found a hide-covered altar of Uskayaw.
  6052 | D:6      | Reached skill level 5 in Long Blades
  6506 | D:6      | Found a snail-covered altar of Cheibriados.
  6525 | D:6      | Reached skill level 5 in Armour
  6648 | D:6      | Noticed a kobold demonologist
  6660 | D:6      | Killed a kobold demonologist
  6661 | D:6      | Reached XP level 8. HP: 61/61 MP: 8/8
  6733 | D:6      | Found a staircase to the Ecumenical Temple.
  7046 | D:7      | Reached skill level 6 in Long Blades
  7056 | D:7      | Noticed a cyclops
  7275 | D:7      | Noticed Pikel
  7282 | D:7      | Noticed a two-headed ogre
  7285 | D:7      | Killed Pikel
  7286 | D:7      | Reached skill level 5 in Fighting
  7292 | D:7      | Killed a two-headed ogre
  7293 | D:7      | Reached skill level 5 in Shields
  7293 | D:7      | Reached XP level 9. HP: 9/68 MP: 9/9
  7541 | D:7      | Killed a cyclops
  7542 | D:7      | Reached skill level 7 in Long Blades
  7633 | D:7      | Reached * piety under Wu Jian
  8426 | D:8      | Reached skill level 8 in Long Blades
  8458 | D:8      | Gained mutation: You have a pair of horns on your head.
                  | [demonic ancestry]
  8458 | D:8      | Reached XP level 10. HP: 63/76 MP: 10/10
  9174 | D:8      | Found a bloodstained altar of Trog.
  9569 | D:8      | Found an ancient bone altar of Kikubaaqudgha.
  9571 | D:8      | Reached ** piety under Wu Jian
  9699 | D:9      | Found a staircase to the Orcish Mines.
 10241 | D:9      | Noticed a two-headed ogre
 10247 | D:9      | Noticed a five-headed hydra
 10248 | D:9      | HP: 1/76 [centaur/arrow (7)]
 10249 | D:9      | Shot with an arrow by a centaur

Illustrated notes

Levels and vault maps discovered:
D:1:      dpeg_arrival_connections, layout_loops_cross,
          shapermc_ecumenical_altar_notcrosses
D:2:      minmay_thinvault, layout_basic
D:3:      layout_loops_ring, lemuel_tele_altar, lemuel_doored_altar,
          nicolae_ru_path_of_blood
D:4:      layout_rooms
D:5:      layout_rooms, lemuel_round_altar, grunt_temple_overflow_open,
          serial_co_window_serial, co_window_paths_b, co_window_paths_b,
          co_window_corner_a, co_window_paths_a, co_window_paths_b,
          co_window_of_opportunity_b, co_window_broadway_c,
          co_window_unsneaky_path_b, glass_columns_b, serial_shops,
          nicolae_shop_trees, shop, uniq_blork_the_orc
D:6:      layout_loops_corners, kennysheep_little_box, old_standard_altar,
          minmay_temple_entry_enclosed_plants
D:7:      minmay_evil_eye, layout_cave_pools,
          nicolae_ossuary_entry_false_entrances, minmay_statues_item, uniq_pikel
D:8:      layout_loops_cross, amcnicky_altar_gilded, kennysheep_vampire_church
D:9:      cheibrodos_barr_body, layout_long_grid, orc_0_dummy

Skill      XL: |  1  2  3  4  5  6  7  8  9 10 |
---------------+-------------------------------+-----
Long Blades    | 2 3 4 5 6 8 |  8.9
Armour         | 3 4 5 6 7 |  7.4
Shields        | 3 4 5 6 |  6.3
Fighting       | 4 5 6 |  6.2
Stealth        | 1 2 |  2.1
Dodging        | 1 2 3 |  3.5

Action                   |  1- 3 |  4- 6 |  7- 9 | 10-12 || total
-------------------------+-------+-------+-------+-------++-------
Melee: Long sword        |   113 |   158 |   219 |    37 ||   527
       Headbutt          |    16 |    35 |    57 |    35 ||   143
       Falchion          |       |       |       |   133 ||   133
Throw: Dart              |       |     2 |       |       ||     2
Invok: Lunge             |       |       |     4 |    11 ||    15
       Whirlwind         |       |       |     1 |    97 ||    98
  Use: Scroll            |       |       |       |     1 ||     1
 Stab: Distracted        |       |     1 |       |       ||     1
       Invisible         |       |     1 |       |       ||     1
Armor: Scale mail        |    55 |    64 |    96 |    59 ||   274
Dodge: Dodged            |    23 |    64 |    68 |    52 ||   207
Block: Kite shield       |    50 |    73 |   131 |   104 ||   358
       Rpst.: Long sword |     3 |    18 |    15 |     1 ||    37
       Falchion          |       |       |       |    14 ||    14

Table legend: (Time is in decaauts)
 A = Elapsed time spent in this place.
 B = Non-inter-level travel time spent in this place.
 C = Inter-level travel time spent in this place.
 D = Time resting spent in this place.
 E = Time spent auto-exploring this place.
 F = Levels seen in this place.
 G = Mean time per level.
                   A        B        C        D        E       F      G
               +--------+--------+--------+--------+--------+-----+--------+
         Total |  10458 |  10170 |    288 |   2547 |   5759 |   9 | 1162.0 |
       Dungeon |  10458 |  10170 |    288 |   2547 |   5759 |   9 | 1162.0 |
               +--------+--------+--------+--------+--------+-----+--------+

Top non-repeatable levels by time:
     D:8: 1653 daAuts
     D:5: 1474 daAuts
     D:6: 1450 daAuts
     D:2: 1375 daAuts
     D:4: 1100 daAuts
     D:3: 1087 daAuts
     D:7: 1032 daAuts
     D:1: 905 daAuts
     D:9: 377 daAuts
